 Dungeon Crawl Stone Soup version 0.24-a0-458-gfcb5e6da0e (webtiles) character file.

Game seed: 15204639383232728661

95 pk666 the Magician (level 4, -5/24 HPs)
             Began as a Deep Elf Wizard on June 26, 2019.
             Slain by Natasha (6 damage)
             ... on level 2 of the Dungeon.
             The game lasted 00:04:22 (2041 turns).

pk666 the Magician (Deep Elf Wizard)                Turns: 2041, Time: 00:04:22

Health: -5/24      AC:  3    Str:  4    XL:     4   Next: 39%
Magic:  0/13       EV: 13    Int: 24    God:
Gold:   32         SH:  0    Dex: 13    Spells: 4/13 levels left

rFire    . . .     SeeInvis .   f - +0 dagger
rCold    . . .     Gourm    .   (no shield)
rNeg     . . .     Faith    .   a - +0 robe
rPois    .         Spirit   .   b - +0 hat
rElec    .         Reflect  .   (no cloak)
rCorr    .         Harm     .   j - +0 pair of gloves
MR       .....                  (no boots)
Stlth    ++........             (no amulet)
HPRegen  0.08/turn              (no ring)
MPRegen  0.13/turn              (no ring)

@: no status effects
A: no striking features
a: no special abilities


You were on level 2 of the Dungeon.
You were not hungry.

You visited 1 branch of the dungeon, and saw 2 of its levels.

You collected 32 gold pieces.

Inventory:

Hand Weapons
 f - a +0 dagger (weapon)
Armour
 a - a +0 robe (worn)
 b - a +0 hat (worn)
 j - a +0 pair of gloves (worn)
Jewellery
 k - an uncursed amulet of magic regeneration {unknown}
Scrolls
 c - a scroll of random uselessness {unknown}
 e - 3 scrolls of identify {unknown}
 i - a scroll of remove curse {unknown}
 l - a scroll of teleportation {unknown}
 m - 2 scrolls of fog {unknown}
 n - a scroll of amnesia {unknown}
 p - a scroll of fear {unknown}
Potions
 g - a potion of lignification {unknown}
 h - a potion of might {unknown}
 o - a potion of degeneration {unknown}
Comestibles
 d - 5 rations


   Skills:
 - Level 3.1 Dodging
 - Level 2.4 Stealth
 + Level 5.2 Spellcasting
 + Level 2.3 Conjurations
   Level 1.1 Summonings
 + Level 1.7 Translocations
 + Level 1.0 Fire Magic
 + Level 1.0 Air Magic
 + Level 1.0 Poison Magic


You had 4 spell levels left.
You knew the following spells:

 Your Spells              Type           Power        Failure   Level  Hunger
a - Magic Dart            Conj           ###.         3%          1    None
b - Blink                 Tloc           N/A          6%          2    None
c - Conjure Flame         Conj/Fire      ##......     13%         3    ##.....
d - Mephitic Cloud        Conj/Pois/Air  ##......     14%         3    ##.....

Your spell library contained the following spells:

 Spells                   Type           Power        Failure   Level  Hunger
 Call Imp                 Summ           ##......     9%          2    None
 Slow                     Hex            #.......     13%         2    None


Dungeon Overview and Level Annotations

Branches:
Dungeon (2/15)

Altars:

Annotations:
D:2 Natasha


Message History

You closely miss Natasha.
Natasha is severely wounded.
Natasha barely misses you.
You hit Natasha.
Natasha is almost dead.
Natasha howls an incantation.
Natasha glows brightly for a moment.
Natasha claws you.
* * * LOW HITPOINT WARNING * * *
The crimson imp puffs mist at you. Natasha misses you.
Casting: Magic Dart (safe; 3% risk of failure)
Confirm with . or Enter, or press ? or * to list all spells.
Aiming: Magic Dart (safe; 3% risk of failure)
Press: ? - help, Shift-Dir - straight line, f/p - Natasha
Aim: Natasha (severely wounded)
The magic dart hits Natasha.
Natasha is almost dead.
Natasha claws you.
You die...

...P.......####..<.
....#....)........ ..
#..)....%..P..... #>#
##.##.#.....8.h8..
#.####..#....##....?.S.
#.##.......#####.......
#.##...5)### #.......
###.#..†.h...### #.......
###.......@..#...# .......
#..........#####.## ..!.. ##
#...........# #..### .#
#...........#####...#####
.######....÷..................<.
.##..##.....<÷...##########..###
#.....#.#...#...## ...#
#.......#####.### #.. #....##.#
#.# .


You could see Natasha and a crimson imp.

Vanquished Creatures
  Natasha (D:2)
  An adder (D:2)
  2 oozes (D:1)
  An adder skeleton (D:2)
  A worm (D:2)
  A dart slug (D:1)
  A ball python (D:1)
  7 bats (D:1)
  A giant cockroach (D:1)
  5 goblins
  2 hobgoblins (D:1)
  A quokka (D:1)
  3 frilled lizards
  3 kobolds
  22 rats
52 creatures vanquished.

Notes
Turn   | Place    | Note
-------+----------+-------------------------------------------
     0 | D:1      | pk666 the Deep Elf Wizard began the quest for the Orb.
     0 | D:1      | Reached XP level 1. HP: 10/10 MP: 7/7
   243 | D:1      | Reached XP level 2. HP: 15/15 MP: 1/9
  1000 | D:1      | Reached skill level 5 in Spellcasting
  1056 | D:1      | Reached XP level 3. HP: 19/19 MP: 8/11
  1060 | D:1      | Learned a level 2 spell: Blink
  1064 | D:1      | Learned a level 3 spell: Conjure Flame
  1068 | D:1      | Learned a level 3 spell: Mephitic Cloud
  1540 | D:2      | Noticed Natasha
  1857 | D:2      | Reached XP level 4. HP: 24/24 MP: 7/13
  1961 | D:2      | Killed Natasha
  1961 | D:2      | Reached skill level 1 in Air Magic
  1961 | D:2      | Reached skill level 1 in Poison Magic
  1973 | D:2      | Reached skill level 1 in Fire Magic
  2017 | D:2      | Noticed Natasha
  2038 | D:2      | HP: 1/24 [Natasha (3)]
  2041 | D:2      | Slain by Natasha

Levels and vault maps discovered:
D:1:      scummos_arrival_checkerplants, layout_basic,
          corexii_item_surrounded_by_moat, serial_bayou_lagoon_a
D:2:      layout_rooms, serial_undead, serial_undead_c, serial_undead_c,
          serial_undead_b, serial_undead_e, serial_undead_b, serial_undead_f,
          minmay_rat_hole, uniq_natasha, uniq_terence

Skill      XL: |  1  2  3  4 |
---------------+-------------+-----
Dodging        | 3 |  3.1
Spellcasting   | 5 |  5.2
Conjurations   | 2 |  2.3
Air Magic      | 1 |  1.0
Poison Magic   | 1 |  1.0
Fire Magic     | 1 |  1.0
Stealth        | |  2.4
Summonings     | |  1.1
Translocations | |  1.7

Action                   |  1- 3 |  4- 6 || total
-------------------------+-------+-------++-------
Melee: Dagger            |     1 |     3 ||     4
 Cast: Magic Dart        |   104 |    25 ||   129
  Eat: Chunk             |     3 |       ||     3
Armor: Robe              |     8 |       ||     8
Dodge: Dodged            |    31 |     5 ||    36

Table legend:
 A = Non-vault XP
 B = Vault XP
 C = Vault XP percentage of total XP
 D = Non-vault monster count
 E = Vault monster count
 F = Vault count percentage of total count
                 A         B        C        D         E       F
            +---------+---------+-------+---------+---------+-------
      Total |      75 |      61 |  44.9 |      31 |      21 |  40.4
            +---------+---------+-------+---------+---------+-------
        D:1 |      49 |       3 |   5.8 |      23 |       2 |   8.0
        D:2 |      26 |      58 |  69.0 |       8 |      19 |  70.4
            +---------+---------+-------+---------+---------+-------
